AoeStats
← Jackow

Arabia

510134592Analyzed
1v1 RM · 3d ago on Sep 29, 2026· 47m 1s· 2 players
Game mode
Random Map
Map size
Tiny (2 player)
Population
200
Speed
Normal
Resources
Standard
Victory
Conquest
Starting age
Dark Age
Ending age
Imperial Age
RankedLock teamsTeams togetherTeam positionsShared explorationLock speedFull tech treeHidden civsTurbo modeCheats
Victory
Defeat
🇩🇪 Magyars · Germany
1450
+18
🇨🇦 Lithuanians · Canada
1487
-18
Jackow
6:37 Loom
6:46 Loom
8:57 Feudal Age
9:15 Loom
10:26 Double-Bit Axe
13:59 Horse Collar
19:16 Castle Age
17:24 Gold Mining
17:51 Fletching
19:10 Bloodlines
19:39 Town Watch
20:55 Bow Saw
25:47 Husbandry
26:05 Bodkin Arrow
27:29 Padded Archer Armor
27:50 Ballistics
28:51 Wheelbarrow
30:16 Wheelbarrow
30:30 Gold Shaft Mining
30:39 Scale Barding Armor
31:11 Heavy Plow
31:44 Thumb Ring
32:07 Chain Barding Armor
37:03 Imperial Age
38:50 Chemistry
37:53 Bracer
38:05 Heavy Cavalry Archer
40:10 Parthian Tactics
40:24 Plate Barding Armor
39:12 Light Cavalry
41:02 Conscription
41:48 Leather Archer Armor
42:28 Hussar
43:55 Hand Cart
44:50 Ring Archer Armor
46:33 Crop Rotation
LRNI_Bélico
5:37 Loom
8:55 Feudal Age
9:29 Double-Bit Axe
10:46 Horse Collar
17:44 Wheelbarrow
20:32 Castle Age
18:53 Bloodlines
18:36 Gold Mining
19:11 Bloodlines
19:25 Scale Barding Armor
20:06 Forging
21:29 Bow Saw
21:49 Husbandry
24:30 Chain Barding Armor
25:03 Husbandry
25:48 Elite Skirmisher
26:34 Fletching
26:42 Light Cavalry
28:42 Sanctity
28:50 Ballistics
29:30 Bodkin Arrow
30:47 Padded Archer Armor
32:16 Leather Archer Armor
33:14 Hand Cart
32:48 Town Watch
33:35 Sanctity
33:26 Fervor
35:49 Iron Casting
41:29 Imperial Age
38:31 Pikeman
39:12 Squires
39:35 Scale Mail Armor
39:47 Stone Mining
41:10 Hill Forts
41:36 Chain Mail Armor
41:37 Thumb Ring
42:12 Bracer
43:16 Chemistry
42:19 Tower Shields
42:40 Conscription
43:28 Ring Archer Armor
45:14 Halberdier
Connection lost

Rejoining the realm…

Still unreachable

The connection could not be restored.

Session expired

The server has moved on; the page needs a fresh start.